 Dungeon Crawl Stone Soup version 0.28-a0-245-g639a1a48b9 (webtiles) character file.

Game seed: 13756566884823264208

21 Colgate the Cudgeller (level 3, 0/34 HPs)
             Began as a Kobold Berserker on Aug 25, 2021.
             Was a Follower of Trog.
             Succumbed to a kobold's poison
             ... on level 1 of the Dungeon.
             The game lasted 00:02:05 (1055 turns).

Colgate the Cudgeller (Kobold Berserker)            Turns: 1055, Time: 00:02:05

Health: 0/34       AC:  3    Str: 14    XL:     3   Next: 5%
Magic:  3/3        EV: 14    Int:  8    God:    Trog [*.....]
Gold:   60         SH:  0    Dex: 15    Spells: 2/2 levels left

rFire   . . .      SeeInvis .   Y - +0 mace
rCold   . . .      Faith    .   (shield restricted)
rNeg    . . .      Spirit   .   f - +0 leather armour
rPois   .          Reflect  .   (no helmet)
rElec   .          Harm     .   (no cloak)
rCorr   .          Rampage  .   (no gloves)
Will    .....                   (no boots)
Stlth   ..........              (no amulet)
HPRegen 0.11/turn               (no ring)
MPRegen 0.08/turn               (no ring)

@: berserking (expiring), lethally poisoned (0 -> -9), very quick
A: small, no large weapons, nightstalker 3
a: Renounce Religion, Berserk


You were on level 1 of the Dungeon.
You worshipped Trog.
Trog was aware of your devotion.
You visited 1 branch of the dungeon, and saw 1 of its levels.

You collected 60 gold pieces.


Innate Abilities, Weirdness & Mutations

You are small and have problems with some larger weapons.
You are completely attuned to the shadows.


   Skills:
 - Level 3.2 Fighting
 + Level 3.6 Maces & Flails
 - Level 1.5 Armour
 - Level 2.4 Dodging


You had 2 spell levels left.
You didn't know any spells.
Your spell library was empty.

Inventory:

Hand Weapons
 Y - a +0 mace (weapon)
Armour
 f - a +0 leather armour (worn)
Scrolls
 e - 2 scrolls of fog
Potions
 c - a potion of might {unknown}
 g - a potion of curing {unknown}

Dungeon Overview and Level Annotations

Branches:
Dungeon (1/15)

Altars:


Message History

The kobold is severely wounded.
The kobold closely misses you.
You closely miss the kobold.
The kobold is severely wounded.
The kobold hits you with a +1 dagger of venom.
You are poisoned.
You closely miss the kobold.
The kobold is severely wounded.
You feel very sick. The kobold closely misses you.
The kobold hits you with a +1 dagger of venom.
You are lethally poisoned!
You closely miss the kobold.
The kobold is severely wounded.
You feel very sick. The kobold barely misses you.
1048 ||| INVOKING Berserk.
A red film seems to cover your vision as you go berserk!
You feel yourself moving faster!
You feel mighty!
You feel very sick. The kobold closely misses you.
You closely miss the kobold.
The kobold is severely wounded.
You feel sick. The kobold misses you.
You closely miss the kobold.
The kobold is severely wounded.
You feel sick.
You barely miss the kobold.
The kobold is severely wounded.
You feel sick.
The kobold hits you with a +1 dagger of venom.
You are lethally poisoned!
You sock the kobold!
You kill the kobold!
Trog accepts your kill.
You feel sick.
You feel sick.
You feel a strong urge to attack something.
You feel sick.
You die...

......####...#.............#
##......####...#.##........#
##..................#.....#
#......#########.#.......#
######### #.###...#.# #
#####.#####...# #
........###...## ## ########
....).......#..#####. .......#
...)@....####........ ###....###
........#######......
##.....###.....................
#.......#..................... ##
#...#.#.#####.##..............
.###...#......................#.
..##........####.###..........#
........#.........##..........#
..............................###


There were no monsters in sight!

Vanquished Creatures
  8 bats (D:1)
  An endoplasm (D:1)
  A giant cockroach (D:1)
  A goblin (D:1)
  2 hobgoblins (D:1)
  2 jackals (D:1)
  A kobold (D:1)
  2 frilled lizards (D:1)
  2 rats (D:1)
20 creatures vanquished.

Notes
Turn   | Place    | Note
-------+----------+-------------------------------------------
     0 | D:1      | Colgate the Kobold Berserker began the quest for the Orb.
     0 | D:1      | Reached XP level 1. HP: 14/14 MP: 1/1
     0 | D:1      | 0 ||| counter = 109
    88 | D:1      | 88 ||| INVOKING Berserk.
    90 | D:1      | Reached skill level 3 in Maces & Flails
   388 | D:1      | Reached XP level 2. HP: 19/19 MP: 2/2
   927 | D:1      | Found a faded altar of an unknown god.
   942 | D:1      | 942 ||| UPGRADING to +0 leather armour.
   945 | D:1      | 945 ||| UPGRADING to +0 leather armour.
   959 | D:1      | 959 ||| DROPPING +0 animal skin.
   960 | D:1      | 960 ||| READING scroll labelled XYIXAP FOGH.
   963 | D:1      | 963 ||| READING 3 scrolls labelled YLOPSI SEUNOS.
   975 | D:1      | Reached XP level 3. HP: 23/23 MP: 3/3
  1048 | D:1      | 1048 ||| INVOKING Berserk.
  1051 | D:1      | HP: 8/34 [kobold (1)]
  1054 | D:1      | HP: 2/34 [poisoned by a kobold]
  1055 | D:1      | Succumbed to a kobold's poison

Levels and vault maps discovered:
D:1:      giann_wishing_wells, layout_rooms,
          shapermc_ecumenical_altar_notcrosses

Skill      XL: |  1 |
---------------+----+-----
Maces & Flails | 3 |  3.6
Fighting       | |  3.2
Armour         | |  1.5
Dodging        | |  2.4

Action                   || total
-------------------------++-------
Melee: Mace              ||    80
Invok: Berserk           ||     2
  Use: Scroll            ||     2
 Stab: Sleeping          ||     1
Armor: Animal skin       ||    19
       Leather armour    ||     7
Dodge: Dodged            ||    72

Table legend:
 A = Non-vault XP
 B = Vault XP
 C = Vault XP percentage of total XP
 D = Non-vault monster count
 E = Vault monster count
 F = Vault count percentage of total count
                 A         B        C        D         E       F
            +---------+---------+-------+---------+---------+-------
      Total |      31 |       0 |   0.0 |      20 |       0 |   0.0
            +---------+---------+-------+---------+---------+-------
        D:1 |      31 |       0 |   0.0 |      20 |       0 |   0.0
            +---------+---------+-------+---------+---------+-------
